 Dungeon Crawl Stone Soup version 0.29.1-12-g30fa7ad0bf (webtiles) character file.

Game seed: 7618579829076349572

46272 mortz the Warrior (level 14, -4/81 HPs)
             Began as a Gargoyle Gladiator on Jan 1, 2023.
             Was the Champion of Okawaru.
             Killed from afar by a starcursed mass (19 damage)
             ... with an accursed screaming
             ... on level 1 of the Abyss on Jan 2, 2023.
             The game lasted 01:34:20 (17164 turns).

mortz the Warrior (Gargoyle Gladiator)             Turns: 17164, Time: 01:34:21

Health: -4/81      AC: 24    Str: 28    XL:     14   Next: 36%
Magic:  22/22      EV: 33    Int: 10    God:    Okawaru [******]
Gold:   917        SH:  5    Dex: 10    Spells: 13/13 levels left

rFire   . . .      SeeInvis .   a - +6 demon trident (freeze)
rCold   + . .      Faith    .   F - +2 buckler {reflect}
rNeg    + . .      Spirit   .   f - +7 Kryia's mail coat {PotionHeal*2 rC+}
rPois   ∞          Reflect  +   c - +1 helmet
rElec   +          Harm     +   o - scarf {harm}
rCorr   .          Rampage  .   T - +0 pair of gloves {Dex+3}
Will    +....      Rage     9%  t - +0 pair of boots
Stlth   ..........              L - amulet of the acrobat
HPRegen 0.23/turn               v - ring of the Hare {EV+8}
MPRegen 0.18/turn               D - +6 ring of strength

@: acrobatic, flying, studying Staves
A: sickness immunity, AC +10, big wings, negative energy resistance 1,
electricity resistance, torment resistance 1, petrification resistance, [berserk
2], [clumsy 2], [deformed body], [frail 2], ([teleportitis 2]), [no potion heal
2], [subdued magic 2]
a: Renounce Religion, Heroism, Finesse, Duel


You were on level 1 of the Abyss.
You worshipped Okawaru.
Okawaru was exalted by your worship.
You visited 3 branches of the dungeon, and saw 16 of its levels.
You visited the Abyss 1 time.
You also visited: Sewer.

You collected 1221 gold pieces.
You spent 304 gold pieces at shops.

Inventory:

Hand Weapons
 a - a +6 demon trident of freezing (weapon)
 z - the +8 trident of the Octopus King {venom, rElec rPois}
   (You found it on level 7 of the Dungeon)

   It poisons the flesh of those it strikes.
   rElec:     It insulates you from electricity.
   rPois:     It protects you from poison.
 C - the +4 mace "Peacrifa" {spect, rPois rC- Will++ Str-4}
   (You found it on level 2 of the Lair of Beasts)

   When its wielder attacks, the weapon's spirit leaps out and strikes again.
   The spirit shares a part of any damage it takes with its wielder.
   Str:       It affects your strength (-4).
   rC:        It makes you vulnerable to cold.
   rPois:     It protects you from poison.
   Will:      It greatly increases your willpower.
 S - the +2 trident of Gikirosm {flame, rCorr Str+5}
   (Okawaru gifted it to you on level 3 of the Lair of Beasts)

   It burns those it strikes, dealing additional fire damage.
   Str:       It affects your strength (+5).
   rCorr:     It protects you from acid and corrosion.
Missiles
 d - 5 throwing nets
 e - a javelin
 n - 43 poisoned darts (quivered)
 w - 3 curare-tipped darts
 y - 2 silver boomerangs
 Q - 2 boomerangs of dispersal
Armour
 c - a +1 helmet (worn)
 f - the +7 Kryia's mail coat (worn) {PotionHeal*2 rC+}
   (You took it off a gnoll on level 6 of the Dungeon)

   Potions are twice as effective at healing its wearer.
   rC:        It protects you from cold.
 o - a scarf of harm (worn)
 t - a +0 pair of boots (worn)
 u - a +1 robe of willpower
 F - a +2 buckler of reflection (worn)
 T - a +0 pair of gloves of dexterity (worn)
 X - a +0 hat of stealth
Jewellery
 k - a ring of positive energy
 v - the ring of the Hare (left hand) {EV+8}
   (You found it on level 4 of the Dungeon)

   [ring of evasion]

   EV:        It affects your evasion (+8).
 B - a ring of protection from cold
 D - a +6 ring of strength (right hand)
 H - an amulet of magic regeneration
 L - an amulet of the acrobat (around neck)
 N - a ring of ice
 O - an amulet of reflection
 U - a ring of protection from cold
 W - a ring of see invisible
Wands
 x - a wand of polymorph (2)
 G - a wand of mindburst (30)
 J - a wand of iceblast (9)
 P - a wand of digging (6)
Scrolls
 i - 8 scrolls of fear
 j - a scroll of blinking
 m - 2 scrolls of poison
 r - 2 scrolls of silence
 s - 4 scrolls of magic mapping
Potions
 g - 7 potions of might
 h - 11 potions of curing
 l - 3 potions of haste
 p - 4 potions of lignification
 q - 7 potions of heal wounds
 A - 2 potions of cancellation
 E - 4 potions of mutation
 I - a potion of ambrosia
 K - 3 potions of attraction
 M - 2 potions of invisibility
 V - 2 potions of resistance


   Skills:
 * Level 17.2 Fighting
 - Level 8.5(9.2) Maces & Flails
 * Level 10.9(11.3) Polearms
 + Level 5.3(10.7) Staves
 - Level 7.3 Ranged Weapons
 - Level 1.7 Throwing
 - Level 2.4 Dodging
 + Level 10.8 Invocations


You had 13 spell levels left.
You didn't know any spells.
Your spell library contained the following spells:

 Spells                   Type           Power      Damage    Failure   Level
 Gell's Gravitas          Tloc           0%         N/A       97%         3
 Ignite Poison            Fire/Tmut/Pois 0%         N/A       97%         3
 Lesser Beckoning         Tloc           0%         N/A       97%         3
 Mephitic Cloud           Conj/Pois/Air  0%         N/A       97%         3
 Teleport Other           Tloc           0%         N/A       97%         3
 Airstrike                Air            0%         2d(0-16)  100%        4
 Hailstorm                Conj/Ice       0%         3d3       100%        4
 Ice Form                 Ice/Tmut       0%         N/A       100%        4
 Petrify                  Tmut/Erth      0%         N/A       100%        4
 Freezing Cloud           Conj/Ice/Air   0%         6-21      100%        5
 Irradiate                Conj/Tmut      0%         3d11      100%        5
 Lightning Bolt           Conj/Air       0%         1d11      100%        5
 Conjure Ball Lightning   Conj/Air       0%         3x3d6     100%        6
 Discord                  Hex            0%         N/A       100%        8
 Disjunction              Tloc           0%         N/A       100%        8
 Sublimation of Blood     Necr           Unusable   N/A       N/A         2
 Summon Lightning Spire   Summ/Air       Unusable   N/A       N/A         4
 Simulacrum               Ice/Necr       Unusable   N/A       N/A         6

Dungeon Overview and Level Annotations

Branches:
Dungeon (10/15) Zot: 26013  Temple (1/1) D:4 Zot: 5668    Lair (5/5) D:9 Zot: 24803
  Swamp (0/4) Lair:3        Snake (0/4) Lair:3          Orc (0/2) D:9
  Sewer (visited)
  Slime: Lair:4-5

Altars:
Ashenzari
Cheibriados
Dithmenos
Elyvilon
Fedhas
Gozag
Hepliaklqana
Kikubaaqudgha
Makhleb
Nemelex Xobeh
Okawaru
Qazlal
Ru
Sif Muna
Trog
Uskayaw
Vehumet
Wu Jian
Xom
Yredelemnul
Zin
The Shining One

Shops:
D:2 (*(**   D:8 (

Annotations:
D:3 4 runed translucent doors, Crazy Yiuf; ctx's ghost, novice MeEE; shrubcannibal's ghost, weakling HOFi
Lair:1 exclusion: oklob plant
Lair:4 3 runed translucent doors, DemonSlayer's ghost, journeyman DsEE
Lair:5 Sonja


Innate Abilities, Weirdness & Mutations

You are immune to sickness and miasma.
Your stone body is resilient. (AC +10)
You are immune to poison.
Your large and strong wings let you fly.
You resist negative energy. (rN+)
You are resistant to electric shocks. (rElec)
You are resistant to unholy torment.
You are immune to petrification.
[You have an uncontrollable temper.]
[You are very clumsy. (Dex -4)]
[Armour fits poorly on your strangely shaped body.]
[You are very frail. (-20% HP)]
[((You are often teleported next to monsters.))]
[Potions cannot restore your health.]
[Your spells are easier to cast, but less powerful.]


Message History

The small abomination completely misses you.
Okay, then.
Okay, then.
You puncture the small abomination! You freeze the small abomination.
The small abomination is severely damaged.
The small abomination completely misses you.
The small abomination hits you! The small abomination misses you.
You hit the small abomination. You freeze the small abomination.
You destroy the small abomination!
Okawaru accepts your kill. The small abomination misses you.
The small abomination attacks as you move away!
The small abomination closely misses you.
A deafening chorus of shrieks assaults your mind!
* * * LOW HITPOINT WARNING * * *
You suddenly lose the ability to move!
A starcursed mass splits. x2
You can move again.
The sixfirhy hits you.
* * * LOW HITPOINT WARNING * * *
The sixfirhy shocks you. You resist.
* * * LOW HITPOINT WARNING * * *
A starcursed mass splits.
The sixfirhy misses you.
A starcursed mass splits.
The small abomination attacks as you move away!
The sixfirhy completely misses you. The sixfirhy misses you.
The sixfirhy completely misses you.
The starcursed mass completely misses you.
The starcursed mass attacks as you move away!
The starcursed mass completely misses you.
The sixfirhy attacks as you move away!
The starcursed mass attacks as you move away!
The sixfirhy attacks as you move away! The sixfirhy completely misses you.
A starcursed mass splits.
The sixfirhy completely misses you. The sixfirhy closely misses you.
The starcursed mass attacks as you move away!
The starcursed mass completely misses you.
The sixfirhy attacks as you move away! The sixfirhy barely misses you.
The sixfirhy attacks as you move away! The sixfirhy misses you.
An ancient zyme comes into view.
A cacophony of accursed wailing tears at your sanity!
You die...

### ...#X
#..##.xXX #
#..#X.##
#..#..XX.#
#......X.##
#....#XX..##
.....#X3# .#
#.......#.#..
###.#.#@..#
.# .. ##..#.#
.# #.
#..###.. # .
#... ...#
#..# .... ...
... .... ...
..##x


You could see 9 starcursed masses, an ancient zyme, a sixfirhy and a small
abomination.

Vanquished Creatures
  3 hydras
  Erolcha (D:10)
  A boulder beetle (Lair:2)
  Erica (Lair:1)
  2 two-headed ogres (D:10)
  2 bog bodies (Lair:3)
  An oklob plant (Lair:3)
  A cyclops (D:9)
  6 elephants
  7 black mambas
  15 cane toads
  A torpor snail (Lair:2)
  2 gargoyles (D:10)
  Maggie (D:9)
  3 rime drakes
  5 komodo dragons
  A troll (D:10)
  A polar bear (Lair:2)
  6 hornets
  2 slime creatures (D:9)
  10 dream sheep
  17 blink frogs
  Sigmund (D:4)
  A small abomination (Abyss:1)
  2 wraiths
  2 wyverns
  41 yaks
  3 basilisks
  2 steam dragons
  A vampire mosquito (D:10)
  3 nagas (Lair:3)
  A swamp worm (Lair:3)
  An acid dragon (D:9)
  15 water moccasins
  A black bear (Lair:2)
  2 sky beasts (D:7)
  6 orc warriors
  2 ogres
  2 centaurs (D:9)
  12 wolves
  2 phantoms
  5 kobold brigands
  15 bullfrogs
  Blork the orc (D:6)
  3 necrophages
  4 scorpions
  2 gnoll sergeants
  10 killer bees
  3 electric eels
  A howler monkey (D:9)
  2 jellies
  A quasit (Abyss:1)
  4 hounds
  2 gnoll boudas
  7 orc priests
  4 iguanas
  9 orc wizards
  Robin (D:4)
  13 gnolls
  4 river rats
  8 adders
  A shadow imp (D:5)
  An ufetubus (D:5)
  2 worms
  3 dart slugs
  30 orcs
  2 endoplasms
  3 giant cockroaches
  18 goblins
  10 hobgoblins
  5 jackals
  14 kobolds
  3 quokkas
  4 ball pythons
  3 bats
  7 frilled lizards
  9 rats
403 creatures vanquished.

Vanquished Creatures (others)
  A two-headed ogre (D:10)
  An orc wizard (D:10)
  12 fungi
  41 plants
55 creatures vanquished.

Grand Total: 458 creatures vanquished

Notes
Turn   | Place    | Note
-------+----------+-------------------------------------------
     0 | D:1      | mortz the Gargoyle Gladiator began the quest for the Orb.
     0 | D:1      | Reached XP level 1. HP: 12/12 MP: 1/1
    57 | D:1      | Reached XP level 2. HP: 15/18 MP: 2/2
   330 | D:1      | Reached skill level 3 in Fighting
   484 | D:1      | Reached XP level 3. HP: 23/23 MP: 3/3
   614 | D:1      | Found a faded altar of an unknown god.
   703 | D:2      | Found Ruideoc's Weapon Shop.
   841 | D:2      | Found Micemeot's Weapon Emporium.
  1031 | D:2      | Found Unos's Assorted Antiques.
  1072 | D:2      | Found Tenecuck's Assorted Antiques.
  1221 | D:2      | Found Oplim's General Store.
  1226 | D:2      | Found a snail-covered altar of Cheibriados.
  1510 | D:3      | Found a runed translucent gate.
  1510 | D:3      | Found a runed translucent gate.
  1510 | D:3      | Found a runed translucent gate.
  1511 | D:3      | Noticed ctx's ghost (novice MeEE)
  1512 | D:3      | Noticed shrubcannibal's ghost (weakling HOFi)
  1582 | D:3      | Found a glowing golden altar of the Shining One.
  1973 | D:3      | Found a runed translucent door.
  1974 | D:3      | Noticed Crazy Yiuf
  2036 | D:4      | Reached XP level 4. HP: 24/28 MP: 4/4
  2087 | D:4      | Noticed Robin
  2173 | D:4      | Found a staircase to the Ecumenical Temple.
  2173 | D:4      | Found the ring of the Hare {EV+8}
  2174 | D:4      | Noticed a scorpion
  2186 | D:4      | Killed a scorpion
  2187 | D:4      | Reached skill level 4 in Fighting
  2187 | D:4      | Reached skill level 1 in Ranged Weapons
  2187 | D:4      | Reached XP level 5. HP: 21/33 MP: 5/5
  2206 | Temple   | Entered the Ecumenical Temple
  2445 | Temple   | Became a worshipper of Warmaster Okawaru
  2487 | D:4      | Killed Robin
  2492 | D:4      | Noticed Sigmund
  2582 | D:4      | Killed Sigmund
  2583 | D:4      | Reached skill level 5 in Maces & Flails
  2583 | D:4      | Reached XP level 6. HP: 39/40 MP: 6/6
  2668 | D:4      | Reached skill level 5 in Fighting
  2846 | D:5      | Entered Level 5 of the Dungeon
  3041 | D:5      | Found a basalt altar of Yredelemnul.
  3532 | D:5      | Reached XP level 7. HP: 36/44 MP: 7/7
  3833 | D:5      | Reached * piety under Okawaru
  4221 | D:5      | Reached skill level 6 in Fighting
  4221 | D:5      | Found a hazy altar of Hepliaklqana.
  4328 | D:5      | Reached XP level 8. HP: 52/52 MP: 8/8
  4637 | D:6      | Reached ** piety under Okawaru
  4746 | D:6      | Reached skill level 7 in Fighting
  4761 | D:6      | Found a radiant altar of Vehumet.
  4853 | D:6      | Found a glowing drain.
  4885 | Sewer    | Entered a sewer
  5577 | Sewer    | Identified a scroll of acquirement
  5577 | Sewer    | Acquired a +2 buckler of reflection
  5958 | D:6      | You fall into a shaft and drop 3 floors!
  5958 | D:9      | Found a staircase to the Orcish Mines.
  5984 | D:8      | Reached skill level 8 in Fighting
  6064 | D:7      | Reached XP level 9. HP: 59/59 MP: 9/9
  6086 | D:7      | Found the +8 trident of the Octopus King {venom, rElec
                  | rPois}
  6102 | D:7      | Found a sacrificial altar of Ru.
  6305 | D:6      | Reached *** piety under Okawaru
  6492 | D:7      | Reached skill level 5 in Ranged Weapons
  6820 | D:2      | Bought a scroll labelled XOBBIM QOPNE for 32 gold pieces
  6820 | D:2      | Bought a scroll of enchant weapon for 240 gold pieces
  6820 | D:2      | Bought a scroll labelled COSTRI CUOPPA for 32 gold pieces
  7039 | D:6      | Reached skill level 9 in Fighting
  7077 | D:6      | Noticed Blork the orc
  7136 | D:6      | Killed Blork the orc
  7137 | D:6      | Reached skill level 1 in Polearms
  7246 | D:6      | Reached skill level 1 in Invocations
  7719 | D:7      | Reached **** piety under Okawaru
  7886 | D:7      | Found a stormy altar of Qazlal.
  7886 | D:7      | Found a shimmering blue altar of Sif Muna.
  8325 | D:8      | Found a burning altar of Makhleb.
  8393 | D:8      | Found Etoichot's Antique Weapon Shoppe.
  8453 | D:8      | Noticed a hornet
  8460 | D:8      | Killed a hornet
  8461 | D:8      | Reached XP level 10. HP: 68/68 MP: 11/11
  8505 | D:8      | Reached skill level 10 in Fighting
  8512 | D:8      | Reached ***** piety under Okawaru
  8943 | D:8      | Found a shadowy altar of Dithmenos.
  9506 | D:9      | Reached skill level 5 in Polearms
  9517 | D:9      | Reached skill level 13 in Fighting
  9517 | D:9      | Reached XP level 11. HP: 78/78 MP: 13/16
  9538 | D:9      | Noticed a cyclops
  9560 | D:9      | Killed a cyclops
  9663 | D:9      | Noticed a four-headed hydra
  9670 | D:9      | Killed a four-headed hydra
  9801 | D:9      | Reached XP level 12. HP: 67/84 MP: 17/17
  9842 | D:9      | Noticed Maggie
  9970 | D:9      | Killed Maggie
 10055 | D:9      | Found a snail-covered altar of Cheibriados.
 10272 | D:9      | Reached skill level 14 in Fighting
 10274 | D:9      | Reached ****** piety under Okawaru
 10376 | D:9      | Received a gift from Okawaru
 10419 | D:9      | Found a staircase to the Lair.
 10817 | D:10     | Entered Level 10 of the Dungeon
 11125 | D:10     | Found a shimmering altar of Xom.
 11125 | D:10     | Noticed a two-headed ogre
 11125 | D:10     | Noticed a two-headed ogre
 11130 | D:10     | Killed a two-headed ogre
 11140 | D:10     | Killed a two-headed ogre
 11353 | D:10     | Found a broken altar of Ashenzari.
 11375 | D:10     | Noticed a two-headed ogre
 11382 | D:10     | Killed a two-headed ogre
 11557 | D:10     | Noticed Erolcha
 11569 | D:10     | Received a gift from Okawaru
 11582 | D:10     | Killed Erolcha
 11803 | Lair:1   | Entered Level 1 of the Lair of Beasts
 12031 | Lair:1   | Reached skill level 15 in Fighting
 12085 | Lair:1   | Noticed Erica
 12095 | Lair:1   | Killed Erica
 12252 | Lair:1   | Noticed a six-headed hydra
 12269 | Lair:1   | Killed a six-headed hydra
 12270 | Lair:1   | Reached XP level 13. HP: 29/92 MP: 19/19
 13123 | Lair:2   | Received a gift from Okawaru
 13530 | Lair:1   | Acquired a +0 pair of gloves of dexterity
 13675 | Lair:2   | Identified the +4 mace "Peacrifa" {spect, rPois rC- Will++
                  | Str-4}
 13747 | Lair:2   | Reached skill level 16 in Fighting
 14260 | Lair:3   | Reached skill level 10 in Invocations
 14260 | Lair:3   | Found a staircase to the Snake Pit.
 14318 | Lair:3   | Identified the +2 trident of Gikirosm {flame, rCorr Str+5}
                  | (Okawaru gifted it to you on level 3 of the Lair of Beasts)
 14318 | Lair:3   | Received a gift from Okawaru
 14319 | Lair:3   | Reached skill level 1 in Staves
 14439 | Lair:3   | Reached skill level 10 in Polearms
 15060 | Lair:3   | Found a staircase to the Swamp.
 15363 | Lair:3   | Gained mutation: Your large and strong wings let you fly.
                  | [Gargoyle growth]
 15363 | Lair:3   | Reached XP level 14. HP: 93/100 MP: 21/21
 15702 | Lair:4   | Received a gift from Okawaru
 15931 | Lair:4   | Reached skill level 17 in Fighting
 16078 | Lair:4   | Found a runed translucent gate.
 16079 | Lair:4   | Found a runed translucent gate.
 16084 | Lair:4   | Found a runed translucent gate.
 16086 | Lair:4   | Noticed DemonSlayer's ghost (journeyman DsEE)
 16119 | Lair:4   | Reached skill level 5 in Staves
 16671 | Lair:5   | Entered Level 5 of the Lair of Beasts
 16914 | Lair:5   | Noticed Sonja
 16995 | Abyss:1  | Cast into level 1 of the Abyss (Sonja)
 17036 | Abyss:1  | Noticed a starcursed mass
 17137 | Abyss:1  | Noticed a starcursed mass
 17156 | Abyss:1  | Paralysed by accursed screaming for 1 turns
 17164 | Abyss:1  | Killed from afar by a starcursed mass

Illustrated notes

Levels and vault maps discovered:
D:1:      minmay_arrival_semitransparent, layout_loops_ring,
          shapermc_ecumenical_altar_acropolis
D:2:      layout_rooms, serial_shops, shop, nicolae_shop_statue_plus, shop,
          nicolae_shop_bloodbath_and_beyond, nicolae_shop_stone, basic_altar
D:3:      layout_basic, mainiacjoe_overflow_alcove_2, gammafunk_ghost_cemetery,
          uniq_crazy_yiuf_cottage
D:4:      layout_rooms, minmay_temple_entry_large_hall, uniq_robin, uniq_sigmund
D:5:      layout_basic, old_standard_altar, lemuel_tele_altar,
          minmay_misc_feat_four_crosses
D:6:      layout_basic, mainiacjoe_overflow_chevrons, gup_sewer_entry_bubbles,
          uniq_blork_the_orc
D:7:      layout_loops_corners, nicolae_ru_awakened_eye,
          nicolae_overflow_two_pavilions
D:8:      layout_gridville, nicolae_overflow_crystal_walls,
          grunt_dithmenos_smoke_and_mirrors, serial_shops, shop
D:9:      layout_loops_ring, mainiacjoe_overflow_brackets, david_lair_generic,
          orc_0_dummy, st_stairs_9, minmay_shattered_shrine, uniq_maggie
D:10:     layout_roguey, evilmike_ruin_ashenzari, xom_confusion_cloud,
          lightli_orcish_oven, uniq_erolcha
Temple:   hellmonk_temple_flake
Lair:1:   layout_chaotic_city, minmay_lair_oklob_bushes, uniq_erica
Lair:2:   nzn_winding_woodlands_stair_cross
          [nzn_winding_woodlands_5x15_split_checker,
          nzn_winding_woodlands_center_garden,
          nzn_winding_woodlands_5x15_garden, nzn_winding_woodlands_5x5_default,
          nzn_winding_woodlands_5x5_cross, nzn_winding_woodlands_5x15_parted,
          nzn_winding_woodlands_center_triple_pond,
          nzn_winding_woodlands_5x15_lazy_stream], layout_chaotic_city
Lair:3:   layout_regular_city, nicolae_swamp_entry_splash_gauntlet,
          minmay_snake_entry_guardpost_small, chequers_serial_rivers_micro_b,
          serial_bayou_shore_a, grunt_megastairs_3
Lair:4:   layout_long_grid, gammafunk_ghost_necromancy, serial_bayou_shore_b,
          grunt_megastairs_5, lemuel_fruit_fields
Lair:5:   wormcave, layout_misc_corridors, guppyfry_lair_end_dragon,
          slime_entry_2, serial_bayou_shore_b, infiniplex_staircase_pool_2,
          uniq_sonja
Abyss:1:  base: D:1, guppyfry_abyss_exit_imp_island

Skill      XL: |  1  2  3  4  5  6  7  8  9 10 11 12 13 14 |
---------------+-------------------------------------------+-----
Fighting       | 3 4 5 6 8 9 13 15 16 17 | 17.2
Maces & Flails | 4 5 6 7 8 |  8.5
Ranged Weapons | 1 2 3 4 5 6 7 |  7.3
Polearms       | 3 5 8 10 | 10.9
Invocations    | 2 7 9 10 | 10.8
Staves         | 3 5 |  5.3
Throwing       | |  1.7
Dodging        | |  2.4

Action                   |  1- 3 |  4- 6 |  7- 9 | 10-12 | 13-15 || total
-------------------------+-------+-------+-------+-------+-------++-------
Melee: Flail             |   109 |    63 |     8 |       |       ||   180
       Punch             |       |     3 |     2 |       |       ||     5
       Trident           |       |       |   390 |   352 |   216 ||   958
       Demon trident     |       |       |       |       |   193 ||   193
 Fire: Sling             |    31 |    83 |    67 |    11 |       ||   192
Throw: Dart              |       |       |     8 |       |       ||     8
Invok: Heroism           |       |       |       |     2 |       ||     2
  Use: Scroll            |     6 |     4 |    11 |     5 |     9 ||    35
       Potion            |       |       |       |     1 |       ||     1
 Stab: Distracted        |       |       |     1 |       |       ||     1
Armor: Leather armour    |    22 |       |       |       |       ||    22
       Ring mail         |    33 |     6 |    14 |       |       ||    53
       Robe              |       |    15 |       |       |       ||    15
       Chain mail        |       |    19 |   118 |       |       ||   137
       Scale mail        |       |       |    20 |    92 |   106 ||   218
Dodge: Dodged            |    91 |   117 |   301 |   205 |   307 ||  1021
Block: Buckler           |       |       |    33 |    60 |   100 ||   193
       Reflection        |       |       |       |     4 |     1 ||     5
